 Dungeon Crawl Stone Soup version 0.24.0-13-gcf9b319 (webtiles) character file.

Game seed: 892048380197348124, levelgen mode: deterministic

8841 EndlessMike the Carver (level 11, -8/72 HPs)
             Began as a Demonspawn Wanderer on Apr 12, 2020.
             Was a Follower of Hepliaklqana.
             Mangled by a spiny frog (15 damage)
             ... on level 2 of the Lair of Beasts.
             The game lasted 00:33:14 (14589 turns).

EndlessMike the Carver (Demonspawn Wanderer)       Turns: 14589, Time: 00:33:16

Health: -8/72      AC: 12    Str: 13    XL:     11   Next: 15%
Magic:  15/15      EV:  8    Int: 16    God:    Hepliaklqana [*.....]
Gold:   667        SH:  0    Dex: 13    Spells: 12/16 levels left

rFire    + . .     SeeInvis .   a - +3 scimitar (freeze)
rCold    . . .     Gourm    .   (no shield)
rNeg     . . .     Faith    .   w - +0 chain mail {rF+}
rPois    .         Spirit   .   (no helmet)
rElec    .         Reflect  .   v - +0 cloak
rCorr    .         Harm     +   (no gloves)
MR       .....                  (no boots)
Stlth    ..........             x - amulet of harm
HPRegen  0.22/turn              k - ring of wizardry
MPRegen  0.14/turn              (no ring)

@: about to teleport
A: reduced essence, hooves 2, spiny 1, sturdy frame 2
a: Recall Ancestor, Ancestor Identity, Renounce Religion


You were on level 2 of the Lair of Beasts.
You worshipped Hepliaklqana.
Hepliaklqana was aware of your devotion.
You were not hungry.

You visited 3 branches of the dungeon, and saw 13 of its levels.

You collected 667 gold pieces.

Inventory:

Hand Weapons
 a - a +3 scimitar of freezing (weapon)
 b - a +0 arbalest
 K - a +2 scimitar of flaming
Missiles
 t - 39 poisoned darts (quivered)
 E - 72 bolts
Armour
 v - a +0 cloak (worn)
 w - a +0 chain mail of fire resistance (worn)
 L - a +2 robe of magic resistance
Magical Staves
 r - an uncursed staff of cold {unknown}
Jewellery
 k - a ring of wizardry (left hand)
 x - an amulet of harm (around neck)
Wands
 c - a wand of iceblast (8)
 h - a wand of flame (11)
 D - a wand of polymorph (11)
 G - a wand of disintegration (9)
 H - a wand of paralysis (6)
Scrolls
 d - a scroll of blinking
 g - 3 scrolls of teleportation
 j - a scroll of immolation
 m - 3 scrolls of enchant armour
 n - 2 scrolls of enchant weapon
 o - a scroll of noise
 p - 6 scrolls of remove curse
 s - a scroll of torment
 u - a scroll of magic mapping {unknown}
 z - a scroll of fog
 F - a scroll of summoning {unknown}
Potions
 e - a potion of berserk rage
 i - 4 potions of flight
 l - 2 potions of brilliance
 q - 2 potions of might
 A - a potion of lignification
 B - a potion of agility
 I - a potion of degeneration {unknown}
Miscellaneous
 y - a lightning rod (3/4)
 J - a fan of gales
Comestibles
 f - 13 rations
 M - 5 chunks of flesh


   Skills:
 - Level 5.7 Fighting
 + Level 10.8 Long Blades
 - Level 2.6 Crossbows
 + Level 9.6 Armour
 - Level 1.0 Stealth
   Level 1.0 Shields
 - Level 3.0 Spellcasting
 - Level 3.2 Necromancy
   Level 1.7 Fire Magic


You had 12 spell levels left.
You knew the following spells:

 Your Spells              Type           Power        Failure   Level  Hunger
i - Animate Skeleton      Necr           N/A          9%          1    #......
u - Vampiric Draining     Necr           ##........   26%         3    ###....

Your spell library contained the following spells:

 Spells                   Type           Power        Failure   Level  Hunger
 Flame Tongue             Conj/Fire      #....        24%         1    #......
 Apportation              Tloc           #.....       32%         1    #......
 Confusing Touch          Hex            #.....       32%         1    #......
 Freeze                   Ice            #...         32%         1    #......
 Summon Small Mammal      Summ           #...         32%         1    #......
 Throw Flame              Conj/Fire      #.....       34%         2    ##.....
 Call Imp                 Summ           #.......     45%         2    ##.....
 Ensorcelled Hibernation  Hex/Ice        #.....       45%         2    ##.....
 Throw Frost              Conj/Ice       #.....       45%         2    ##.....
 Conjure Flame            Conj/Fire      #.......     56%         3    ###....
 Inner Flame              Hex/Fire       #.......     56%         3    ###....
 Call Canine Familiar     Summ           #.......     67%         3    ###....
 Ozocubu's Armour         Chrm/Ice       #.......     67%         3    ###....
 Summon Guardian Golem    Hex/Summ       #.......     67%         3    ###....
 Sticky Flame             Conj/Fire      #.......     91%         4    #####..
 Summon Ice Beast         Ice/Summ       #.......     96%         4    #####..
 Summon Lightning Spire   Summ/Air       #.......     96%         4    #####..
 Throw Icicle             Conj/Ice       #.......     96%         4    #####..
 Borgnjor's Vile Clutch   Necr/Erth      #.........   99%         5    ######.
 Fireball                 Conj/Fire      #.........   99%         5    ######.
 Silence                  Hex/Air        #.........   100%        5    ######.
 Darkness                 Hex            #.........   100%        6    #######
 Shadow Creatures         Summ           N/A          100%        6    #######


Dungeon Overview and Level Annotations

Branches:
Dungeon (10/15)            Temple (1/1) D:5            Lair (2/6) D:9
  Swamp: Lair:2-4    Shoals: Lair:2-4     Snake: Lair:2-4    Spider: Lair:2-4
    Orc: D:9-12

Altars:
Ashenzari
Cheibriados
Dithmenos
Elyvilon
Fedhas
Gozag
Hepliaklqana
Kikubaaqudgha
Makhleb
Nemelex Xobeh
Okawaru
Qazlal
Ru
Sif Muna
Trog
Uskayaw
Vehumet
Wu Jian
Xom
Yredelemnul
Zin
The Shining One

Shops:
D:8 (


Innate Abilities, Weirdness & Mutations

You have hoof-like feet.
You are partially covered in sharp spines.
Your movements are less encumbered by armour. (ER -4)
Your life essence is reduced to manifest your ancestor. (-10% HP)


Message History

It was a potion of cancellation.
You feel magically purged. The crocodile barely misses you.
You riposte.
You closely miss the crocodile.
You kick the crocodile, but do no damage.
The spiny frog stings you!
The spiny frog stings you but does no damage.
Rana hits the spiny frog!
The crocodile bites you but does no damage.
Found 22 gold pieces.
Rana completely misses the yak.
You hear the loud beating of a distant drum.
Found 4 gold pieces.
A spiny frog comes into view.
The spiny frog gives a loud, deep croak!
As you read the scroll of teleportation, it crumbles to dust.
You feel strangely unstable.
The spiny frog is struck by your spines.
The spiny frog stings you!!
* * * LOW HITPOINT WARNING * * *
The crocodile closely misses you. The spiny frog stings you!
You die...

...... ##
.≈≈≈≈..≈.≈≈....♣.....###
♣....≈≈.≈..≈≈≈≈♣....#.#P
♣≈≈≈...≈.≈≈≈............
..≈≈≈≈.≈.≈..............
..≈..≈..≈≈.≈≈..........<
...≈.≈≈.≈..≈$.........†.
#..≈≈≈.≈...♣.......#...
#...F@≈..♣............
♣...♣tF...............
♣....tY...$...........
♣.........##..###.....
♣.....R..##...###.....
♣..>.....Y......#.....
♣........P............
♣..............P......
...............#PP.....


You could see the friendly Rana the ancestor, 2 yaks, 2 spiny frogs and 2
crocodiles.

Vanquished Creatures
  Erica (Lair:2)
  An ogre mage (D:8)
  2 spiny frogs (Lair:1)
  3 meliai (D:8)
  2 hippogriffs
  6 yaks
  A wyvern (Lair:1)
  A water moccasin (Lair:1)
  4 porcupines (Lair:1)
  2 ice beasts
  2 sky beasts
  3 orc warriors
  An eye of draining (D:10)
  4 ogres
  7 centaurs
  3 crocodiles
  4 bullfrogs
  A big kobold (D:8)
  A wyvern skeleton (D:9)
  A scorpion (D:7)
  8 wights
  3 howler monkeys (D:9)
  3 crimson imps
  A centaur zombie (D:7)
  5 hounds
  A quasit (D:8)
  3 jellies
  Crazy Yiuf (D:3)
  4 orc priests
  2 bullfrog skeletons
  A centaur skeleton (D:8)
  A gnoll shaman (D:7)
  6 orc wizards
  An iguana (D:7)
  Natasha (D:2)
  6 worker ants
  2 hound skeletons
  Robin (D:3)
  A worker ant zombie (D:7)
  11 gnolls
  A howler monkey skeleton (D:7)
  9 adders
  2 shadow imps
  An ooze (D:1)
  An adder skeleton (D:4)
  2 worms
  2 dart slugs
  3 leopard geckos
  33 orcs
  3 giant cockroaches
  8 hobgoblins
  4 jackals
  6 quokkas
  2 ball pythons
  2 bats (D:1)
  2 frilled lizards
  15 goblins
  A jackal skeleton (D:4)
  8 kobolds
  A leopard gecko skeleton (D:2)
  4 rats
222 creatures vanquished.

Vanquished Creatures (collateral kills)
  A centaur skeleton (D:10)
  A wight (D:10)
  An orc wizard (D:10)
3 creatures vanquished.

Vanquished Creatures (others)
  2 ancestors
  An orc wizard (D:4)
  A fungus (Lair:2)
  A plant (Lair:2)
5 creatures vanquished.

Grand Total: 230 creatures vanquished

Notes
Turn   | Place    | Note
-------+----------+-------------------------------------------
     0 | D:1      | EndlessMike the Demonspawn Wanderer began the quest for the
                  | Orb.
     0 | D:1      | EndlessMike set off with the following items: a +2 dagger,
                  | a potion of haste, a +0 ring mail, a ration; and the
                  | following spell memorised: Animate Skeleton; and the
                  | following spells available to memorise: Vampiric Draining
     0 | D:1      | Reached XP level 1. HP: 16/16 MP: 2/2
   405 | D:1      | Gained mutation: Your movements are slightly less
                  | encumbered by armour. (ER -2) [demonic ancestry]
   405 | D:1      | Reached XP level 2. HP: 23/23 MP: 3/3
  1134 | D:2      | Reached XP level 3. HP: 29/29 MP: 5/5
  1154 | D:2      | Learned a level 3 spell: Vampiric Draining
  1459 | D:3      | Noticed Robin
  1469 | D:3      | Killed Robin
  1678 | D:3      | Reached skill level 1 in Necromancy
  1678 | D:3      | Gained mutation: You have large cloven feet. [demonic
                  | ancestry]
  1678 | D:3      | Reached XP level 4. HP: 24/37 MP: 6/6
  2640 | D:3      | Gained mutation: Your movements are less encumbered by
                  | armour. (ER -4) [demonic ancestry]
  2640 | D:3      | Reached XP level 5. HP: 33/43 MP: 0/8
  2699 | D:3      | Found a runed translucent door.
  2700 | D:3      | Noticed Crazy Yiuf
  3366 | D:2      | Found a sacrificial altar of Ru.
  3372 | D:2      | Noticed Natasha
  3380 | D:2      | Killed Natasha
  3520 | D:3      | Killed Crazy Yiuf
  3915 | D:4      | Reached skill level 1 in Armour
  3938 | D:4      | Reached XP level 6. HP: 24/50 MP: 9/9
  4128 | D:4      | Reached skill level 5 in Fighting
  4260 | D:4      | Found a blossoming altar of Fedhas.
  5005 | D:5      | Entered Level 5 of the Dungeon
  5005 | D:5      | Found a staircase to the Ecumenical Temple.
  5521 | D:5      | Gained mutation: You are partially covered in sharp spines.
                  | [demonic ancestry]
  5521 | D:5      | Reached XP level 7. HP: 27/56 MP: 11/11
  5929 | D:5      | Found a sparkling altar of Nemelex Xobeh.
  5962 | D:5      | Reached skill level 1 in Long Blades
  5999 | D:6      | Reached skill level 2 in Long Blades
  6290 | D:6      | Reached skill level 3 in Long Blades
  6359 | D:6      | Reached skill level 4 in Long Blades
  6426 | D:6      | Reached XP level 8. HP: 34/64 MP: 3/12
  6471 | D:6      | Reached skill level 5 in Long Blades
  6818 | D:6      | Found an opulent altar of Gozag.
  7181 | D:7      | Reached skill level 6 in Long Blades
  7808 | D:7      | Reached skill level 7 in Long Blades
  8186 | D:7      | Reached skill level 8 in Long Blades
  8203 | D:7      | Reached XP level 9. HP: 39/69 MP: 13/13
  8527 | D:7      | Found a white marble altar of Elyvilon.
  8536 | D:7      | Found a shadowy altar of Dithmenos.
  8997 | D:8      | Found a glowing golden altar of the Shining One.
  8998 | D:8      | Noticed an ogre mage
  9002 | D:8      | Found a transporter.
  9011 | D:8      | Found a transporter.
  9164 | D:8      | Found Xidonkyuqy's Antique Weapon Emporium.
  9473 | D:8      | Reached skill level 9 in Long Blades
  9492 | D:8      | Reached skill level 5 in Armour
  9853 | D:8      | Noticed a meliai
  9853 | D:8      | Noticed a meliai
  9853 | D:8      | Noticed a meliai
 10140 | D:8      | Killed an ogre mage
 10140 | D:8      | Reached skill level 10 in Long Blades
 10140 | D:8      | Gained mutation: You have hoof-like feet. [demonic
                  | ancestry]
 10140 | D:8      | Reached XP level 10. HP: 76/76 MP: 14/14
 10388 | Temple   | Entered the Ecumenical Temple
 11186 | D:9      | Noticed a two-headed ogre
 11709 | D:9      | Found a stormy altar of Qazlal.
 11932 | D:9      | Found a staircase to the Lair.
 12184 | Temple   | Became a worshipper of Hepliaklqana the Forgotten
 12325 | D:10     | Entered Level 10 of the Dungeon
 12865 | D:10     | Noticed a cyclops
 13113 | Lair:1   | Entered Level 1 of the Lair of Beasts
 13126 | Lair:1   | Noticed a spiny frog
 13144 | Lair:1   | Killed a spiny frog
 13512 | Lair:1   | Noticed a spiny frog
 13519 | Lair:1   | Killed a spiny frog
 13997 | Lair:1   | Reached * piety under Hepliaklqana
 14051 | Lair:1   | Reached XP level 11. HP: 22/72 MP: 15/15
 14475 | Lair:2   | Noticed Erica
 14486 | Lair:2   | Killed Erica
 14589 | Lair:2   | Mangled by a spiny frog

Levels and vault maps discovered:
D:1:      co_arrival_random_square_maze, layout_loops_ring
D:2:      layout_loops_ring, marbit_many_paths, first_ration, uniq_natasha
D:3:      layout_loops_ring, uniq_robin, uniq_crazy_yiuf_cottage
D:4:      layout_loops_ring, kennysheep_little_box, minmay_quantized
D:5:      layout_gridville, minmay_temple_entry_mini_moons,
          nemelex_xobeh_ov_fountains_minmay
D:6:      layout_cave_pools, kennysheep_another_room, nicolae_gozag_seed_capital
D:7:      layout_cave_pools, nicolae_dithmenos_shadow_blocks,
          lemuel_crystal_altar, minmay_joined_circles
D:8:      layout_loops_corners, gammafunk_temple_overflow_arena, serial_shops,
          shop
D:9:      layout_loops_cross, lair_entry_dummy, grunt_qazlal_sundering
D:10:     layout_rooms, uniq_erolcha
Temple:   regret_index_temple_sphere_string
Lair:1:   layout_cave_pods, minivault_27
Lair:2:   layout_gridlike, palyth_hydra_swamp_entry, special_room,
          gauntlet_entry_generic, nicolae_quartered_pool_medium, uniq_erica

Skill      XL: |  1  2  3  4  5  6  7  8  9 10 |
---------------+-------------------------------+-----
Fighting       | 3 4 5 |  5.7
Necromancy     | 1 2 3 |  3.2
Spellcasting   | 2 3 |  3.0
Armour         | 1 2 5 9 |  9.6
Long Blades    | 4 8 10 | 10.8
Crossbows      | |  2.6
Stealth        | |  1.0
Shields        | |  1.0
Fire Magic     | |  1.7

Action                   |  1- 3 |  4- 6 |  7- 9 | 10-12 || total
-------------------------+-------+-------+-------+-------++-------
Melee: Dagger            |   122 |    21 |       |       ||   143
       Spear             |       |    38 |       |       ||    38
       Kick              |       |    30 |    66 |    32 ||   128
       Quarterstaff      |       |    86 |       |       ||    86
       Long sword        |       |     8 |    77 |       ||    85
       Scimitar          |       |       |   134 |   117 ||   251
 Fire: Arbalest          |       |       |       |     2 ||     2
Throw: Dart              |     4 |    39 |    13 |     6 ||    62
       Throwing net      |       |     1 |       |       ||     1
 Cast: Animate Skeleton  |     2 |     1 |     2 |       ||     5
       Vampiric Draining |       |    11 |     7 |     6 ||    24
Evoke: Wand              |       |     5 |     5 |     1 ||    11
       Lightning rod     |       |       |       |     2 ||     2
  Use: Potion            |     1 |       |     4 |     5 ||    10
       Scroll            |       |     1 |    14 |     5 ||    20
 Stab: Held in net/web   |       |     1 |       |       ||     1
       Sleeping          |       |     2 |       |       ||     2
       Distracted        |       |       |       |     1 ||     1
  Eat: Chunk             |     2 |    11 |    15 |     9 ||    37
       Ration            |       |     1 |       |     2 ||     3
Armor: Ring mail         |    44 |    41 |       |       ||    85
       Chain mail        |       |    32 |   125 |    63 ||   220
Dodge: Dodged            |    71 |    73 |   116 |    42 ||   302
       Rpst.: Long sword |       |     2 |    14 |       ||    16
       Scimitar          |       |       |    15 |    10 ||    25
